 Dungeon Crawl Stone Soup version 0.30-a0-691-g754fce4c43 (webtiles) character file.

Game seed: 17807161623810066623

65 Mitcholas the Magician (level 4, -4/34 HPs)
             Began as a Djinni Conjurer on Jan 19, 2023.
             Killed from afar by an orc wizard (6 damage)
             ... with a magic dart
             ... on level 2 of the Dungeon.
             The game lasted 00:03:45 (1542 turns).

Mitcholas the Magician (Djinni Conjurer)            Turns: 1542, Time: 00:03:46

Health: -4/34      AC:  3    Str:  6    XL:     4   Next: 35%
Gold:   117        EV: 12    Int: 21    God:
                   SH:  0    Dex: 12

rFire   + + .      SeeInvis .    (no weapon)
rCold   x . .      Faith    .    (no shield)
rNeg    + . .      Spirit   .    a - +0 robe
rPois   ∞          Reflect  .    i - +0 helmet
rElec   .          Harm     .    (no cloak)
rCorr   .          Rampage  .    (no gloves)
Will    .....                    (boots unavailable)
Stlth   ++                       (no amulet)
HPRegen 0.25/turn                k - ring of positive energy
MPRegen 0.00/turn                (no ring)

@: flying
A: sickness immunity, fire resistance 2, cold vulnerability 1, float, innate
caster, HP casting, extra vitality 1
a: no special abilities


You were on level 2 of the Dungeon.
You visited 1 branch of the dungeon, and saw 3 of its levels.

You collected 117 gold pieces.

Inventory:

Armour
 a - a +0 robe (worn)
 i - a +0 helmet (worn)
Jewellery
 k - a ring of positive energy (left hand)
Scrolls
 c - 4 scrolls of identify {unknown}
 d - a scroll of fear {unknown}
 f - a scroll of blinking {unknown}
 g - a scroll of teleportation {unknown}
 h - 2 scrolls of summoning {unknown}
 l - a scroll of fog {unknown}
Potions
 b - a potion of magic
 e - a potion of curing {unknown}
 j - a potion of mutation {unknown}
 m - a potion of cancellation {unknown}
 n - a potion of degeneration {unknown}


   Skills:
 * Level 2.4 Fighting
 - Level 2.1 Dodging
 - Level 1.5 Stealth
 * Level 3.9 Spellcasting


You couldn't memorise any spells.
You knew the following spells:

 Your Spells              Type           Power      Damage    Failure   Level
a - Magic Dart            Conj           80%        1d7       2%          1
b - Searing Ray           Conj           40%        2d5       3%          2
c - Dazzling Flash        Conj/Hex       40%        N/A       8%          3
d - Fulminant Prism       Conj/Hex       10%        3d9       24%         4
e - Iskenderun's Mystic   Conj/Tloc      20%        2d6       24%         4
f - Slow                  Hex            80%        N/A       2%          1
Your spell library was empty.

Dungeon Overview and Level Annotations

Branches:
Dungeon (3/15)

Altars:


Innate Abilities, Weirdness & Mutations

You are immune to sickness and miasma.
You are immune to poison.
Your flesh is very heat resistant. (rF++)
You are vulnerable to cold. (rC-)
You float through the air rather than walking.
You learn spells naturally, not from books.
Your magical power is your life essence.
You have superior vitality. (+4 MHP)


Message History

Something tries to affect you, but you resist.
Your magical contamination has completely faded away.
You're too confused to cast spells.
A magic dart appears from out of thin air!
The magic dart hits you.
You're too confused to cast spells.
You bump into the rock wall.
You're too confused to cast spells.
You bump into the rock wall.
You're too confused to cast spells.
You are too confused!
Unknown command.
You bump into the rock wall.
Something hits you.
You bump into the rock wall.
You feel less confused. Something hits you.
You miss something. Something hits you.
* * * LOW HITPOINT WARNING * * *
You hit something but do no damage. Something hits you.
* * * LOW HITPOINT WARNING * * *
You barely miss something. Something hits you.
* * * LOW HITPOINT WARNING * * *
You miss something. Something hits you.
* * * LOW HITPOINT WARNING * * *
You closely miss something. Something hits you but does no damage.
You miss something.
You hear some strange, mumbled words.
A puff of flame appears from out of thin air!
The puff of flame hits you. You resist.
* * * LOW HITPOINT WARNING * * *
You miss something. Something hits you.
* * * LOW HITPOINT WARNING * * *
You closely miss something. Something hits you.
* * * LOW HITPOINT WARNING * * *
You barely miss something. Something hits you but does no damage.
You hit something.
You hear some strange, mumbled words.
A magic dart appears from out of thin air!
The magic dart hits you.
You die...

######........#.#
#.########.#
..#.............#
#..........#
..#.#####.....###
#..#########
..#.#
#.......###..#
..#.#
#........##<.#
..#.#
#.....#.>###.#
..#.# #.....##.#
#.# ..#.#
#.....##{# #.#
..#.# ########@#
#.# ..#.# #.# #.#
..#.# #.# #.#
....# #.# #.#
..### #.# #.# ###
#.# #.# #.# #.#
#.# #.# #.# #.#


There were no monsters in sight!

Vanquished Creatures
  3 adders (D:2)
  An orc (D:3)
  5 endoplasms
  A giant cockroach (D:1)
  6 goblins
  6 hobgoblins
  A quokka (D:1)
  4 ball pythons
  3 bats
  A kobold (D:1)
  2 rats
33 creatures vanquished.

Notes
Turn   | Place    | Note
-------+----------+-------------------------------------------
     0 | D:1      | Mitcholas the Djinni Conjurer began the quest for the Orb.
     0 | D:1      | Mitcholas set off with the following spells memorised:
                  | Magic Dart, Searing Ray, Dazzling Flash, Fulminant Prism,
                  | Iskenderun's Mystic Blast.
     0 | D:1      | Reached XP level 1. HP: 15/15 MP: 0/0
    97 | D:1      | Reached XP level 2. HP: 19/22 MP: 0/0
   112 | D:1      | Reached skill level 1 in Fighting
   453 | D:1      | Reached XP level 3. HP: 27/27 MP: 0/0
   453 | D:1      | Learned a level 1 spell: Slow
  1187 | D:2      | Reached XP level 4. HP: 29/33 MP: 0/0
  1542 | D:2      | Killed from afar by an orc wizard

Illustrated notes

Levels and vault maps discovered:
D:1:      giann_forest_graveyard, layout_basic
D:2:      layout_basic, basic_altar, hangedman_glass_teeth
D:3:      layout_basic, trog_butcher_becter, gup_sewer_entry_spiral,
          dreamdust_ecumenical_altar_grove, hangedman_decor_growths,
          kennysheep_potato

Skill      XL: |  1  2  3 |
---------------+----------+-----
Fighting       | 1 2 |  2.4
Dodging        | |  2.1
Stealth        | |  1.5
Spellcasting   | |  3.9

Action                   |  1- 3 |  4- 6 || total
-------------------------+-------+-------++-------
Melee: Unarmed           |       |    10 ||    10
 Cast: Magic Dart        |    57 |    21 ||    78
Armor: Robe              |     1 |     2 ||     3
Dodge: Dodged            |       |     2 ||     2

Table legend: (Time is in decaauts)
 A = Elapsed time spent in this place.
 B = Non-inter-level travel time spent in this place.
 C = Inter-level travel time spent in this place.
 D = Time resting spent in this place.
 E = Time spent auto-exploring this place.
 F = Levels seen in this place.
 G = Mean time per level.
                   A        B        C        D        E       F      G
               +--------+--------+--------+--------+--------+-----+--------+
         Total |   1541 |   1397 |    144 |      0 |   1210 |   3 |  513.7 |
       Dungeon |   1541 |   1397 |    144 |      0 |   1210 |   3 |  513.7 |
               +--------+--------+--------+--------+--------+-----+--------+

Top non-repeatable levels by time:
     D:2: 748 daAuts
     D:1: 729 daAuts
     D:3: 63 daAuts
